 Dungeon Crawl Stone Soup version 0.28.0-43-g3370ac3207 (webtiles) character file.

Game seed: 7061782363389310761

83 cbfl8 the Sneak (level 4, -1/40 HPs)
             Began as a Minotaur Delver on Mar 3, 2022.
             Slain by a centaur (2 damage)
             ... on level 5 of the Dungeon.
             The game lasted 00:01:21 (257 turns).

cbfl8 the Sneak (Minotaur Delver)                    Turns: 257, Time: 00:01:21

Health: -1/40      AC:  3    Str: 19    XL:     4   Next: 22%
Magic:  3/3        EV: 12    Int:  7    God:
Gold:   7          SH:  0    Dex: 11    Spells: 3/3 levels left

rFire   . . .      SeeInvis .   h - +0 mace
rCold   . . .      Faith    .   (no shield)
rNeg    . . .      Spirit   .   b - +0 leather armour
rPois   .          Reflect  .   (helmet restricted)
rElec   .          Harm     .   (no cloak)
rCorr   .          Rampage  .   (no gloves)
Will    .....                   (no boots)
Stlth   +++.......              (no amulet)
HPRegen 0.13/turn               (no ring)
MPRegen 0.08/turn               (no ring)

@: no status effects
A: horns 2, retaliatory headbutt
a: no special abilities


You were on level 5 of the Dungeon.
You visited 1 branch of the dungeon, and saw 2 of its levels.

You collected 7 gold pieces.

Inventory:

Hand Weapons
 a - a +0 hand axe
 h - a +0 mace (weapon)
Armour
 b - a +0 leather armour (worn)
Wands
 g - a wand of digging (3)
Scrolls
 c - a scroll of fog
 d - a scroll of identify {unknown}
 e - a scroll of fear
Potions
 f - a potion of haste


   Skills:
 + Level 4.1 Fighting
 + Level 2.7 Axes
 + Level 0.4 Armour
 + Level 2.3 Dodging
 + Level 5.2 Stealth


You had 3 spell levels left.
You didn't know any spells.
Your spell library was empty.

Dungeon Overview and Level Annotations

Branches:
Dungeon (5/15)
 Temple: D:4-7

Altars:
Gozag


Innate Abilities, Weirdness & Mutations

You have a pair of horns on your head.
You reflexively headbutt those who attack you in melee.


Message History

The orc hits you but does no damage. The orc priest hits you with a +0 mace.
The orc hits you but does no damage.
You hit the orc priest. You punch the orc priest.
The orc priest is heavily wounded.
You completely miss the orc.
The orc priest looks satisfied for a moment.
An orc comes into view. It is wielding a +0 dagger.
The orc barely misses you. You furiously retaliate!
You headbutt the orc!
You kill the orc!
You hit the orc priest. Your headbutt misses the orc priest.
The orc priest is severely wounded.
The orc priest barely misses you. You furiously retaliate!
You headbutt the orc priest!
You kill the orc priest!
Your Stealth skill increases to level 5!
You have reached level 4!
You feel stronger.
You slash the orc!
You kill the orc!
Unknown command.
Items here: )) [ †.
You see here a +0 mace.
h - a +0 mace
h - a +0 mace (weapon)
A centaur comes into view.
The centaur moves out of view.
You hear the brisk rusting of a distant drain.
The centaur wields a +0 shortbow.
The centaur shoots an arrow.
The arrow hits you.
The centaur shoots an arrow.
The arrow hits you!
The centaur shoots an arrow.
The arrow hits you!
* * * LOW HITPOINT WARNING * * *
The centaur shoots an arrow.
The arrow barely misses you.
The centaur shoots an arrow.
The arrow hits you.
* * * LOW HITPOINT WARNING * * *
You completely miss the centaur. You headbutt the centaur.
The centaur is lightly wounded.
The centaur unwields a +0 shortbow.
The centaur closely misses you. The centaur kicks you.
You die...

#.# *,* *,*,* *≈≈* #.#
*,* *.#,* **≈≈* #.#
*,* *.#,*********≈≈≈*
#.#
*<****.#,,,,,,,,,,,≈**
#.#
*,,,,,..,********,,**
>.# ******.#,* *,**
..# *.#,********,* ..#
#########.#.#,,,,,,,,*
>.#
#.......@c..#,********
..# #.#######.###,*
..#######.# *.# *,*
#.........# *.# *,*
.##.####)##******.#
*,*
................,.#
*,*
###.####.#######*##
*,* ,,#.# ### *,*
*,#.# *,*


You could see a centaur.

Vanquished Creatures
  A water moccasin skeleton (D:5)
  An orc priest (D:5)
  2 orcs (D:5)
4 creatures vanquished.

Notes
Turn   | Place    | Note
-------+----------+-------------------------------------------
     0 | D:5      | cbfl8 the Minotaur Delver began the quest for the Orb.
     0 | D:5      | Reached XP level 1. HP: 19/19 MP: 0/0
    26 | D:5      | Found an opulent altar of Gozag.
    68 | D:5      | Reached XP level 2. HP: 15/27 MP: 1/1
    68 | D:5      | Reached XP level 3. HP: 19/33 MP: 2/2
   211 | D:4      | Noticed an ogre
   241 | D:5      | Reached skill level 5 in Stealth
   241 | D:5      | Reached XP level 4. HP: 33/40 MP: 3/3
   250 | D:5      | Noticed a centaur
   255 | D:5      | HP: 1/40 [centaur/arrow (6)]
   257 | D:5      | Slain by a centaur

Illustrated notes

Levels and vault maps discovered:
D:4:      layout_cave_pools, old_standard_altar, marbit_many_paths, uniq_pikel,
          uniq_duvessa
D:5:      layout_loops_ring, grunt_gozag_breadcrumbs, kennysheep_slug_shrine,
          gup_sewer_entry_pipe, minmay_manual_monolith

Skill      XL: |  1  2  3 |
---------------+----------+-----
Fighting       | 4 |  4.1
Stealth        | 5 |  5.2
Axes           | |  2.7
Armour         | |  0.4
Dodging        | |  2.3

Action                   |  1- 3 |  4- 6 || total
-------------------------+-------+-------++-------
Melee: Hand axe          |    11 |     1 ||    12
       Headbutt          |     3 |     1 ||     4
       Punch             |     1 |       ||     1
       Mace              |       |     1 ||     1
  Use: Scroll            |     1 |       ||     1
Armor: Leather armour    |     3 |       ||     3
Dodge: Dodged            |     7 |     2 ||     9
